 Dungeon Crawl Stone Soup version 0.17-a0-1150-g17b0b87 (webtiles) character file.

193 Chiseanne the Skirmisher (level 5, -1/37 HPs)
             Began as a Demonspawn Wanderer on May 27, 2015.
             Slain by Purgy (4 damage)
             ... on level 4 of the Dungeon.
             The game lasted 00:10:22 (4509 turns).

Chiseanne the Skirmisher (Demonspawn Wanderer)      Turns: 4509, Time: 00:10:22

Health: -1/37      AC:  6    Str: 11    XL:     5   Next: 44%
Magic:  6/6        EV:  9    Int: 16    God:
Gold:   138        SH:  0    Dex: 12    Spells: 1 memorised, 4 levels left

rFire  + . .     SeeInvis .     a - +1 quarterstaff
rCold  . . .     Clarity  .     i - +0 scale mail
rNeg   . . .     SustAt   .     (no shield)
rPois  .         Gourm    .     (no helmet)
rElec  .         Spirit   .     (no cloak)
rCorr  .         Warding  .     (no gloves)
rMut   .         Stasis   .     (no boots)
MR     .....                    (no amulet)
Stlth  +.........               (no ring)
                                (no ring)

@: not resistant to hostile enchantments, very unstealthy
A: hooves 1, fire resistance 1, frail 1, sense surroundings 1, rot immunity
a: no special abilities


You were on level 4 of the Dungeon.
You were not hungry.

You visited 1 branch of the dungeon, and saw 4 of its levels.
You also visited: Sewer.

You collected 138 gold pieces.

Inventory:

Hand weapons
 a - a +1 quarterstaff (weapon)
 k - a +0 long sword
 w - a +0 blowgun
Missiles
 l - 9 poisoned needles
 m - 5 tomahawks (quivered)
Armour
 h - a +0 ring mail
 i - a +0 scale mail (worn)
Magical staves
 n - an uncursed staff of death
Jewellery
 j - an uncursed amulet of stasis
Scrolls
 c - a scroll of remove curse
 d - a scroll of magic mapping
Potions
 e - a potion of brilliance
Books
 b - a Young Poisoner's Handbook

   Spells                             Type                      Level
   a - Sting                          Conjuration/Poison           1
   b - Cure Poison                    Poison                       2
   c - Mephitic Cloud                 Conjuration/Poison/Air       3
   d - Olgreb's Toxic Radiance        Poison                       4
   e - Venom Bolt                     Conjuration/Poison           5
Comestibles
 f - 2 bread rations
 g - 2 beef jerkies


   Skills:
 * Level 4.0 Fighting
 * Level 2.0 Armour
 * Level 3.1 Dodging
 - Level 3.6 Stealth
 * Level 0.8 Spellcasting
   Level 1.0 Air Magic
 - Level 2.0 Poison Magic


You had 4 spell levels left.
You knew the following spells:

 Your Spells              Type           Power        Failure   Level  Hunger
a - Sting                 Conj/Pois      #...         87%         1    ##.....


Dungeon Overview and Level Annotations

Branches:
Dungeon (4/15)
 Temple: D:4-7

Altars:

Annotations:
D:4 Purgy


Innate Abilities, Weirdness & Mutations

You have large cloven feet.
You are immune to rotting.
Your flesh is heat resistant.
You are frail (-10% HP).
You passively map a small area around you.


Message History

You hit Purgy.
Purgy is heavily wounded.
Purgy bites you.
* * * LOW HITPOINT WARNING * * *
Purgy claws you but does no damage. x2
You hit Purgy. You kick Purgy, but do no damage.
Purgy is severely wounded.
Purgy bites you.
* * * LOW HITPOINT WARNING * * *
Purgy barely misses you. Purgy claws you.
* * * LOW HITPOINT WARNING * * *
Your scale mail prevents you from hitting Purgy.
Purgy is heavily wounded.
Purgy closely misses you. Purgy claws you but does no damage. Purgy misses you.
Purgy closely misses you. x2
Purgy claws you but does no damage.
You closely miss Purgy. You kick Purgy, but do no damage.
Purgy is heavily wounded.
Purgy bites you.
You die...

,,,..........#........##.,,.#
****######.###........#****,*
#.# #........#****,* #.#
########...,,,,* #.#
***###***,* ####.####
*,,,,,,**,* **####.......##
*,****,**,*
*,..........≈≈#########*,,,*
**,####$#...≈≈≈#@T≈≈≈≈≈#*****
,,,* #.##...#≈#######≈##
**,*###.##..≈≈≈#≈≈≈≈≈≈≈≈#
*,.........≈#≈#≈########
*,###.###.≈≈≈≈#≈≈≈≈≈#*≈* *,*
*,*#...≈#≈#≈#≈#≈≈≈≈*
*,***,*#...≈#≈#≈#≈#**##*
**,,,........#≈≈≈#≈≈≈≈≈≈*
,,,,....#....#####*##****


You could see Purgy.

Vanquished Creatures
  An orc wizard (D:3)
  5 adders
  An ooze (D:4)
  A worm (D:2)
  3 giant geckos
  6 orcs (D:3)
  2 ball pythons
  4 giant cockroaches
  10 goblins
  12 hobgoblins
  9 jackals
  10 bats
  2 giant newts
  16 kobolds
  13 rats
95 creatures vanquished.

Notes
Turn   | Place    | Note
--------------------------------------------------------------
     0 | D:1      | Chiseanne the Demonspawn Wanderer began the quest for the Orb.
     0 | D:1      | Chiseanne set off with: a Young Poisoner's Handbook, a +0 quarterstaff, a +0 spear, a +0 robe, a +0 dagger, a bread ration
     0 | D:1      | Reached XP level 1. HP: 18/18 MP: 1/1
   373 | D:1      | Gained mutation: You have large cloven feet. [demonic ancestry]
   373 | D:1      | Reached XP level 2. HP: 20/24 MP: 2/2
   520 | D:1      | Reached skill level 1 in Dodging
  1529 | D:1      | Reached XP level 3. HP: 26/29 MP: 3/3
  1678 | D:1      | Learned a level 1 spell: Sting
  2456 | D:2      | Reached skill level 1 in Armour
  2519 | D:2      | Gained mutation: Your flesh is heat resistant. [potion of mutation]
  2519 | D:2      | Gained mutation: You passively map a small area around you. [potion of mutation]
  2519 | D:2      | Gained mutation: You are frail (-10% HP). [potion of mutation]
  2551 | D:2      | Gained mutation: You are immune to rotting. [demonic ancestry]
  2551 | D:2      | Reached XP level 4. HP: 31/33 MP: 4/4
  2843 | D:3      | HP: 2/49 [something (1)]
  2851 | D:3      | HP: 2/49 [something (1)]
  3406 | D:3      | Reached XP level 5. HP: 33/37 MP: 6/6
  4348 | D:4      | Reached skill level 4 in Fighting
  4444 | D:4      | Found a glowing drain.
  4453 | Sewer    | Entered a sewer
  4479 | Sewer    | Noticed Purgy
  4509 | D:4      | Slain by Purgy

Vault maps used:
D:1:      dpeg_arrival_morbid_curiosity, serial_forest,
          infiniplex_forest_clump_small, infiniplex_forest_join,
          infiniplex_forest_lined_room_2, infiniplex_forest_lined_room_,
          infiniplex_forest_straight_4, infiniplex_forest_lined_room_3,
          infiniplex_forest_lined_corner, infiniplex_forest_clump_small,
          wad_floor_pattern_1, serial_bayou_pond_e
D:3:      roderic_greek_sauvastika, minmay_cupped
D:4:      nicolae_ossuary_entry_false_entrances, lightli_sewer_entry_pipes,
          led_sif_pool
Sewer:    kennysheep_door_sewer

Action                   |  1- 3 |  4- 6 || total
-------------------------+-------+-------++-------
Melee: Quarterstaff      |   159 |   169 ||   328
 Fire: Blowgun           |       |     7 ||     7
  Use: Scroll            |     7 |     3 ||    10
       Potion            |     1 |     3 ||     4
 Stab: Sleeping          |     1 |       ||     1
       Distracted        |     1 |       ||     1
  Eat: Chunk             |     5 |     7 ||    12
